 Dungeon Crawl Stone Soup version 0.21.1-1-g345015fe64 (webtiles) character file.

366985 Htamos the Hoplite (level 22, -3/177 HPs)
             Began as a Gargoyle Berserker on July 14, 2018.
             Was the Champion of Trog.
             Killed by the air
             ... invoked by Sojobo
              (45 damage)
             ... on level 5 of the Vaults.
             The game lasted 02:13:35 (48389 turns).

Htamos the Hoplite (Gargoyle Berserker)            Turns: 48389, Time: 02:13:35

Health: -3/177     AC: 35    Str: 25    XL:     22   Next: 57%
Magic:  22/22      EV:  7    Int: 16    God:    Trog [******]
Gold:   1573       SH: 38    Dex: 15    Spells: 21/21 levels left

rFire    + + +     SeeInvis +   x - +3 demon whip (elec)
rCold    + . .     Gourm    .   n - +6 large shield
rNeg     + . .     Faith    .   M - +0 plate armour {rF+}
rPois    ∞         Spirit   .   L - +2 helmet {SInv}
rElec    +         Reflect  +   j - scarf {cloud immunity}
rCorr    +         Harm     .   d - +2 pair of gloves of Dramatic Exits {*Corrode +Blink rC+ Int+8}
MR       +....                  (no boots)
Stlth    ..........             l - +6 amulet of reflection
HPRegen  0.39/turn              e - ring of fire
MPRegen  0.18/turn              U - ring of protection from fire

@: about to teleport, resistant, marked, berserk cooldown, flying, very slightly
contaminated, slowed, studying Slings, very slow
A: big wings, slimy green scales 1, see invisible, negative energy resistance 1,
robust 1, electricity resistance, unbreathing, petrification resistance, rot
immunity, AC +16
}: 2/15 runes: decaying, serpentine
a: Stop Flying, Berserk, Trog's Hand, Brothers in Arms, Burn Spellbooks,
Renounce Religion, Evoke Blink


You were on level 5 of the Vaults.
You worshipped Trog.
Trog was exalted by your worship.
You were not hungry.

You visited 6 branches of the dungeon, and saw 36 of its levels.
You visited the Abyss 3 times.
You also visited: Volcano.

You collected 5004 gold pieces.
You spent 3431 gold pieces at shops.

Inventory:

Hand Weapons
 s - a +2 antimagic demon whip
 x - a +3 demon whip of electrocution (weapon)
 z - a +0 shortbow
 C - a +2 great mace of protection
 I - a +3 morningstar of holy wrath
 K - a +4 morningstar of crushing
 P - a +3 antimagic eveningstar
 R - a +9 eveningstar of distortion
 S - a +4 great mace
Missiles
 v - 904 arrows
Armour
 d - the +2 pair of gloves of Dramatic Exits (worn) {*Corrode +Blink rC+ Int+8}
   (You bought it in a shop on level 2 of the Orcish Mines)

   It affects your intelligence (+8).
   It protects you from cold.
   It lets you blink.
   It may corrode you when you take damage.
 j - a scarf of cloud immunity (worn)
 m - the +6 pearl dragon scales "Jibouby" {rElec rC- rN+ Slay+4}
   (You bought it in a shop on level 4 of the Dungeon)

   It affects your accuracy and damage with ranged weapons and melee attacks
   (+4).
   It makes you vulnerable to cold.
   It insulates you from electricity.
   It protects you from negative energy.
 n - a +6 large shield (worn)
 L - a +2 helmet of see invisible (worn)
 M - a +0 plate armour of fire resistance (worn)
Jewellery
 a - a +2 ring of slaying
 e - a ring of fire (left hand)
 l - a +6 amulet of reflection (around neck)
 p - an uncursed ring of resist corrosion
 H - the ring "Uvyutoh" {rPois Str+2 Int+4}
   (You found it on level 8 of the Dungeon)

   [ring of intelligence]

   It affects your strength (+2).
   It affects your intelligence (+4).
   It protects you from poison.
 U - a ring of protection from fire (right hand)
Wands
 w - a wand of clouds (4)
 A - a wand of flame (124)
 B - a wand of scattershot (1)
 E - a wand of acid (28)
 F - a wand of iceblast (47)
 J - a wand of paralysis (89)
 V - a wand of disintegration (15)
Scrolls
 g - 3 scrolls of identify
 h - 10 scrolls of magic mapping
 o - 2 scrolls of enchant weapon
 r - 21 scrolls of remove curse
 u - 8 scrolls of teleportation
 O - 2 scrolls of fog
 X - a scroll of blinking
Potions
 b - 4 potions of lignification
 f - 2 potions of resistance
 i - 7 potions of mutation
 t - a potion of curing
 D - 2 potions of brilliance
 G - a potion of cancellation
 Y - a potion of magic
Books
 N - a manual of Slings
Miscellaneous
 q - a phial of floods
Comestibles
 c - 37 rations


   Skills:
 + Level 23.9 Fighting
 - Level 19.9 Maces & Flails
 - Level 2.1 Armour
 - Level 1.5 Dodging
 - Level 25.0 Shields


You had 21 spell levels left.
You didn't know any spells.

Dungeon Overview and Level Annotations

Branches:
Dungeon (15/15)            Temple (0/1) D:6            Lair (6/6) D:10
  Swamp (4/4) Lair:4        Snake (4/4) Lair:3        Slime (0/5) Lair:5
    Orc (2/2) D:11            Elf (0/3) Orc:2        Vaults (5/5) D:13
  Crypt (0/3) Vaults:3
 Depths: D:15

Altars:
Dithmenos
Nemelex Xobeh
Trog
Uskayaw
Vehumet
Xom
Zin

Shops:
D:4 [   D:9 %   Orc:2 =([?}   Snake:1 [   Snake:4 *=   Vaults:2 %

Annotations:
Vaults:5 Sojobo
Abyss:1 Aizul


Innate Abilities, Weirdness & Mutations

You are resistant to torment.
Your stone body is resilient. (AC +16)
You are immune to poison.
Your large and strong wings let you fly indefinitely.
You resist negative energy. (rN+)
You are resistant to electric shocks. (rElec)
You can survive without breathing.
You are immune to petrification.
You are immune to rotting.
You are partially covered in slimy green scales. (AC +2)
You have supernaturally acute eyesight. (SInv)
You are robust. (+10% HP)


Message History

The vault warden easily resists.
The sphinx looks frightened!
The fire giant looks frightened!
The yaktaur captain looks frightened!
Sojobo resists with almost no effort.
The wolf spider looks frightened!
The tentacled monstrosity is unaffected.
The ogre mage looks frightened!
The frost giant looks frightened!
The orc knight looks frightened!
The warg looks frightened!
The sphinx mumbles some strange words.
The sphinx is healed somewhat.
The mana viper is engulfed in blazing flames.
The iron dragon bites you.
* * * LOW HITPOINT WARNING * * *
You block the iron dragon's attack. x2
The deep elf mage mumbles some strange words.
The deep elf mage blinks!
The tentacled monstrosity tentacle-slaps you but does no damage. x3
You block the tentacled monstrosity's attack.
The yaktaur captain is engulfed in blazing flames.
Sojobo waves her feathered arms in wide circles.
The air twists around and violently strikes you in flight!
You die...

..#...%# #.#....#
##.#....#. #.%#%.%.#.
%.%.%%.%.
################%.X)Yc.D
.....C...QQ.DOQ.)[Ss(DQ.
........p....hS[[)QC<%%.
.....Ee@H..CDXC)%)p))<..
......D.X%.s.oc.[([<<%%.
################%[[h[ooO
..%(.O.%Oc ...(#..o.#e
.%.%.C#%...#
..%%..#.%..#
#.....#....#


You could see Sojobo, a shadow dragon, 2 tentacled monstrosities, an iron
dragon, a storm dragon (fleeing), a frost giant (fleeing), a fire giant
(fleeing), a sphinx (fleeing), a vault warden, 2 tengu reavers, a yaktaur
captain (fleeing), an orc knight (fleeing), an ettin (fleeing), a wolf spider
(fleeing), an ogre mage (fleeing), a mana viper (fleeing), an earth elemental, a
deep elf mage (fleeing) and a warg (fleeing).

Vanquished Creatures
  Mara (Swamp:3)
  A bone dragon (Abyss:3)
  A lich (Abyss:3)
  2 tentacled monstrosities
  2 titans
  3 tentacled starspawn (Abyss:3)
  4 sphinxes
  Kirke (Snake:3)
  A shadow dragon (Vaults:5)
  Frances (D:13)
  A storm dragon (Vaults:4)
  A thorn hunter (Swamp:3)
  12 nagarajas (Snake:4)
  10 vault wardens
  2 frost giants
  The ghost of error the Convoker, an adept OpSu of Vehumet (Vaults:4)
  A deep elf sorcerer (Vaults:4)
  A fire giant (Vaults:3)
  11 ironheart preservers
  9 very ugly things
  Louise (Snake:1)
  8 stone giants
  2 war gargoyles
  An angel (Abyss:3)
  A deep elf demonologist (Vaults:1)
  A deep elf annihilator (Vaults:4)
  A red draconian (Abyss:3)
  Azrael (Orc:2)
  Snorg (Orc:2)
  2 deep elf death magi
  4 ettins
  A fire dragon (Vaults:1)
  A green death (Abyss:3)
  5 yaktaur captains
  14 naga warriors
  2 rakshasas
  A great orb of eyes (Vaults:2)
  18 hydras
  2 ice dragons
  29 vault guards
  Erica (D:9)
  3 centaur warriors
  2 ghost crabs
  A merfolk avatar (Lair:6)
  10 alligators
  15 anacondas
  4 death knights
  35 two-headed ogres
  A tengu warrior (D:14)
  11 ogre magi
  A deep troll shaman (Vaults:1)
  A titan zombie (Abyss:3)
  The ghost of Jesperson the Covert, a journeyman KoCj of Vehumet (D:9)
  The ghost of GeorgeFormbyGrill the Cruncher, a journeyman GrBe of Trog (D:11)
  A deep troll earth mage (Vaults:1)
  4 naga sharpshooters
  2 hell hogs
  An orc high priest (Orc:2)
  6 death yaks (Lair:4)
  A queen ant (Lair:3)
  Nergalle (D:10)
  3 wretched stars (Abyss:3)
  9 shock serpents
  7 thrashing horrors (Abyss:3)
  2 deep elf knights
  A shadow wraith (Vaults:2)
  13 skeletal warriors
  A fire crab (Volcano)
  2 sea snakes (Lair:6)
  4 spriggan druids
  2 salamander mystics
  A glowing orange brain (Vaults:2)
  2 flayed ghosts
  17 ironbrand convokers
  An unseen horror (D:14)
  6 deep trolls
  An orange crystal statue (D:8)
  3 shambling mangroves
  4 wizards
  11 swamp dragons
  6 deep elf archers
  11 naga ritualists
  19 deep elf magi
  5 harpies
  A harpy (shapeshifter) (D:13)
  4 phantasmal warriors
  9 orc knights
  A frost giant zombie (Abyss:3)
  11 mana vipers
  3 orc sorcerers
  4 necromancers
  23 ugly things
  5 wolf spiders
  3 cyclopes
  2 worldbinders (Abyss:3)
  A wolf spider (shapeshifter) (Vaults:4)
  6 manticores
  A fire giant skeleton (Vaults:3)
  11 salamanders
  3 elephants (Lair:6)
  11 guardian serpents (Snake:4)
  Maurice (D:11)
  A water nymph (shapeshifter) (Vaults:4)
  34 black mambas
  16 naga magi
  13 spiny frogs
  An orange demon (Abyss:3)
  4 gargoyles
  A spiny frog (shapeshifter) (D:15)
  13 vault sentinels
  A hellion (Abyss:3)
  9 kobold demonologists
  7 rime drakes
  9 komodo dragons
  A tengu conjurer (D:14)
  A komodo dragon (shapeshifter) (Vaults:3)
  31 yaktaurs
  2 ancient zymes (Abyss:3)
  2 meliai (shapeshifter)
  7 freezing wraiths
  3 polar bears
  6 tyrant leeches
  13 hornets
  A wind drake (Lair:6)
  6 trolls
  21 blink frogs
  6 dream sheep (Lair:4)
  2 bog bodies
  9 slime creatures
  A dream sheep (shapeshifter) (Vaults:3)
  2 ice dragon zombies
  9 raiju (Abyss:3)
  A snapping turtle (shapeshifter) (D:13)
  15 hippogriffs
  A meliai zombie (D:15)
  6 spriggans
  5 vampires
  2 shadows (Swamp:1)
  A wyvern (D:14)
  An ettin skeleton (Vaults:3)
  7 wraiths
  41 yaks
  3 ynoxinuls (Abyss:3)
  12 fire bats (Volcano)
  4 neqoxecs (Abyss:3)
  3 hungry ghosts
  3 fire elementals (Orc:2)
  A basilisk (D:10)
  2 steam dragons (Volcano)
  23 vampire mosquitoes
  54 nagas
  31 swamp worms
  4 wargs
  2 acid dragons
  7 insubstantial wisps
  20 soldier ants
  5 large abominations (Abyss:3)
  5 hell hounds
  A deep troll skeleton (Vaults:3)
  14 water moccasins
  8 porcupines
  3 ice beasts
  8 swamp drakes
  25 orc warriors
  3 sky beasts
  3 black bears
  57 ogres
  A black bear (shapeshifter) (Vaults:3)
  14 wolves
  3 phantoms
  18 centaurs
  8 crocodiles
  4 big kobolds
  17 bullfrogs
  5 scorpions
  15 killer bees
  An orc simulacrum (Vaults:2)
  3 howler monkeys
  7 electric eels
  7 lava snakes (Volcano)
  4 crimson imps
  A quasit (D:12)
  23 starcursed masses (Abyss:3)
  A wyvern simulacrum (D:14)
  6 hounds
  4 centaur zombies
  3 human simulacra
  14 orc priests
  A jelly (shapeshifter) (Vaults:3)
  A bullfrog zombie (D:12)
  3 centaur skeletons
  6 jellies
  15 orc wizards
  5 bullfrog skeletons
  3 iron imps (Abyss:3)
  4 iguanas
  Natasha (thrice) (D:2)
  9 small abominations (Abyss:3)
  31 worker ants
  A hound zombie (D:8)
  A worker ant zombie (D:10)
  3 gnolls (D:3)
  8 adders
  3 shadow imps
  A white imp (Abyss:3)
  An ufetubus (Abyss:3)
  2 oozes
  An adder skeleton (D:4)
  A worm (D:2)
  4 dart slugs
  9 leopard geckos
  94 orcs
  4 goblins
  10 hobgoblins
  16 jackals
  2 ball pythons
  A ball python skeleton (D:6)
  12 bats
  4 frilled lizards
  37 kobolds
  A leopard gecko skeleton (D:4)
  A quokka skeleton (D:5)
  A rat (D:2)
  2 briar patches (Swamp:3)
  2 plants
  5 starspawn tentacles (Abyss:3)
1576 creatures vanquished.

Vanquished Creatures (collateral kills)
  A naga warrior (Snake:4)
  A naga mage (Snake:4)
  A naga (Snake:4)
3 creatures vanquished.

Vanquished Creatures (others)
  A thorn hunter (Swamp:4)
  2 yaktaur captains
  A hydra (Swamp:4)
  2 anacondas (Snake:2)
  A naga warrior (Snake:1)
  A centaur warrior (Vaults:2)
  3 naga sharpshooters
  A swamp dragon (Swamp:4)
  A shambling mangrove (Swamp:4)
  A shadow dragon skeleton (Abyss:3)
  A cyclops (Vaults:2)
  2 salamanders
  A black mamba (Snake:2)
  A naga mage (Snake:2)
  13 yaktaurs
  A tyrant leech (Swamp:4)
  A hornet (Swamp:4)
  A vampire (D:14)
  2 humans (Snake:3)
  A swamp worm (Swamp:4)
  A naga (Snake:2)
  A swamp drake (Swamp:4)
  A starcursed mass (Abyss:3)
  An iron imp (Abyss:3)
  An orc (Orc:2)
  2 fungi
  19 plants
  13 starspawn tentacles (Abyss:3)
  A withered plant (D:15)
78 creatures vanquished.

Grand Total: 1657 creatures vanquished

Notes
Turn   | Place    | Note
-------+----------+-------------------------------------------
     0 | D:1      | Htamos the Gargoyle Berserker began the quest for the Orb.
     0 | D:1      | Reached XP level 1. HP: 14/14 MP: 1/1
   186 | D:1      | Reached XP level 2. HP: 20/20 MP: 2/2
   698 | D:1      | Reached XP level 3. HP: 17/24 MP: 3/3
  1090 | D:2      | Noticed Natasha
  1095 | D:2      | Killed Natasha
  1095 | D:2      | Reached skill level 5 in Fighting
  1181 | D:2      | Reached XP level 4. HP: 28/31 MP: 4/4
  1226 | D:2      | Noticed Natasha
  1244 | D:2      | Killed Natasha
  1244 | D:2      | Reached ** piety under Trog
  1452 | D:2      | Noticed Natasha
  1462 | D:2      | Killed Natasha
  1584 | D:2      | Reached XP level 5. HP: 36/36 MP: 5/5
  2870 | D:3      | Found a shadowy altar of Dithmenos.
  3244 | D:3      | Reached XP level 6. HP: 44/44 MP: 6/6
  4080 | D:4      | Reached *** piety under Trog
  4504 | D:4      | Reached XP level 7. HP: 47/50 MP: 7/7
  4634 | D:4      | Found Maufuh's Armour Shop.
  5082 | D:5      | Entered Level 5 of the Dungeon
  5944 | D:5      | Reached skill level 10 in Fighting
  5947 | D:5      | Reached XP level 8. HP: 43/57 MP: 8/8
  6088 | D:5      | Found a sparkling altar of Nemelex Xobeh.
  6550 | D:6      | Found a radiant altar of Vehumet.
  6702 | D:6      | Reached skill level 5 in Maces & Flails
  6947 | D:6      | Received a gift from Trog
  7054 | D:6      | Found a staircase to the Ecumenical Temple.
  7159 | D:6      | Found a shimmering altar of Xom.
  7440 | D:7      | Noticed a hippogriff
  7461 | D:7      | Killed a hippogriff
  7461 | D:7      | Reached XP level 9. HP: 47/63 MP: 9/9
  7947 | D:7      | Reached **** piety under Trog
  9464 | D:8      | Reached skill level 10 in Maces & Flails
  9570 | D:8      | Found a glowing silver altar of Zin.
  9642 | D:8      | Reached XP level 10. HP: 53/68 MP: 10/10
 10381 | D:8      | Noticed an orange crystal statue
 10477 | D:8      | Killed an orange crystal statue
 10482 | D:8      | Got a smoking brass ring
 10485 | D:8      | Identified the ring "Uvyutoh" {rPois Str+2 Int+4} (You found it on level 8 of the Dungeon)
 11034 | D:9      | Noticed Erica
 11057 | D:9      | Killed Erica
 11057 | D:9      | Reached ***** piety under Trog
 11120 | D:9      | Noticed Jesperson's ghost (journeyman KoCj)
 11157 | D:9      | HP: 5/102 [Jesperson's ghost/zap (4)]
 11163 | D:9      | Killed Jesperson's ghost
 11163 | D:9      | Reached XP level 11. HP: 30/73 MP: 11/11
 11429 | D:9      | Identified 2 scrolls of acquirement
 11609 | D:9      | Found Kadegat's Food Emporium.
 11849 | D:10     | Entered Level 10 of the Dungeon
 11923 | D:10     | Found a staircase to the Lair.
 11925 | D:10     | Noticed Nergalle
 12014 | D:10     | Killed Nergalle
 12025 | D:10     | Reached skill level 1 in Shields
 12160 | D:10     | Reached skill level 2 in Shields
 12191 | D:10     | Reached skill level 3 in Shields
 12405 | D:10     | Reached skill level 4 in Shields
 12898 | D:11     | Found a staircase to the Orcish Mines.
 12912 | D:11     | Noticed a cyan ugly thing
 12922 | D:11     | Killed a cyan ugly thing
 13004 | D:11     | Received a gift from Trog
 13101 | D:11     | Noticed GeorgeFormbyGrill's ghost (journeyman GrBe)
 13138 | D:11     | Killed GeorgeFormbyGrill's ghost
 13138 | D:11     | Reached skill level 5 in Shields
 13247 | D:11     | Reached skill level 6 in Shields
 13438 | D:11     | Noticed a two-headed ogre
 13449 | D:11     | Killed a two-headed ogre
 13449 | D:11     | Reached skill level 7 in Shields
 13880 | D:4      | Bought the +6 pearl dragon scales "Jibouby" {rElec rC- rN+ Slay+4} for 1745 gold pieces
 14141 | D:12     | Reached skill level 8 in Shields
 14266 | D:12     | Paralysed by a kobold demonologist for 6 turns
 14273 | D:12     | Noticed a sun demon
 14289 | D:11     | Reached XP level 12. HP: 62/78 MP: 12/12
 14564 | D:12     | Noticed a soul eater
 14751 | D:11     | Reached skill level 15 in Maces & Flails
 14751 | D:11     | Reached skill level 9 in Shields
 15059 | D:12     | Noticed a six-headed hydra
 15067 | D:12     | Killed a six-headed hydra
 15309 | D:13     | Reached skill level 10 in Shields
 15476 | D:13     | Noticed a two-headed ogre
 15476 | D:13     | Noticed a six-headed hydra
 15480 | D:13     | Killed a two-headed ogre
 15484 | D:13     | Killed a six-headed hydra
 15527 | D:13     | Found a gate to the Vaults.
 15673 | D:13     | Noticed a centaur warrior
 15677 | D:13     | Noticed Frances
 15687 | D:13     | Killed Frances
 15687 | D:13     | Reached skill level 11 in Shields
 15695 | D:13     | Killed a centaur warrior
 15695 | D:13     | Reached XP level 13. HP: 66/83 MP: 13/13
 16223 | D:13     | Received a gift from Trog
 16223 | D:13     | Reached skill level 12 in Shields
 17251 | D:14     | Reached skill level 13 in Shields
 17921 | D:14     | Reached ****** piety under Trog
 17925 | D:14     | Received a gift from Trog
 18108 | D:14     | Gained mutation: Your large and strong wings let you fly indefinitely. [Gargoyle growth]
 18108 | D:14     | Reached XP level 14. HP: 85/88 MP: 4/14
 18204 | D:15     | Entered Level 15 of the Dungeon
 18540 | D:15     | Reached skill level 14 in Shields
 19156 | Lair:1   | Entered Level 1 of the Lair of Beasts
 20991 | Lair:2   | Received a gift from Trog
 21213 | Lair:3   | Reached skill level 15 in Shields
 21403 | Lair:3   | Found a staircase to the Snake Pit.
 22068 | Lair:4   | Found a hide-covered altar of Uskayaw.
 23175 | Lair:4   | Reached XP level 15. HP: 93/93 MP: 15/15
 23187 | Lair:4   | Found a staircase to the Swamp.
 23390 | Lair:4   | Received a gift from Trog
 23825 | Lair:5   | Found a staircase to the Slime Pits.
 24468 | Lair:6   | Entered Level 6 of the Lair of Beasts
 24495 | Lair:6   | Reached skill level 16 in Shields
 25413 | Lair:6   | Received a gift from Trog
 25683 | Lair:6   | Reached skill level 17 in Shields
 26080 | Orc:1    | Entered Level 1 of the Orcish Mines
 26085 | Orc:1    | Noticed Maurice
 26113 | D:11     | Killed Maurice
 26178 | Orc:1    | Found a dark tunnel.
 26222 | Volcano  | Entered a volcano
 26404 | Volcano  | Found a radiant altar of Vehumet.
 26440 | Volcano  | Found a bloodstained altar of Trog.
 26809 | Orc:2    | Entered Level 2 of the Orcish Mines
 26901 | Orc:2    | Found Inniqum's Jewellery Shoppe.
 27371 | Orc:1    | Reached skill level 18 in Shields
 27525 | Orc:1    | Reached XP level 16. HP: 98/98 MP: 16/16
 27694 | Orc:1    | Received a gift from Trog
 27918 | Orc:2    | Found Nuryqec's Gadget Boutique.
 27918 | Orc:2    | Found Zitielucw's Magic Scroll Shoppe.
 27919 | Orc:2    | Found Ewiagh's Antique Armour Shoppe.
 27919 | Orc:2    | Found Rudu Foe's Antique Weapon Shop.
 27929 | Orc:2    | Bought a pair of spiked gloves for 361 gold pieces
 27931 | Orc:2    | Bought a scroll of teleportation for 42 gold pieces
 27931 | Orc:2    | Bought a scroll of blinking for 105 gold pieces
 27931 | Orc:2    | Bought a scroll of enchant armour for 105 gold pieces
 27931 | Orc:2    | Bought a scroll of enchant weapon for 105 gold pieces
 27931 | Orc:2    | Bought a scroll of remove curse for 42 gold pieces
 27931 | Orc:2    | Bought a scroll of immolation for 49 gold pieces
 27945 | Orc:2    | Identified the +2 pair of gloves of Dramatic Exits {*Corrode +Blink rC+ Int+8} (You bought it in a shop on level 2 of the Orcish Mines)
 28101 | Orc:2    | Found a staircase to the Elven Halls.
 28104 | Orc:2    | Noticed Azrael
 28124 | Orc:2    | Killed Azrael
 28139 | Orc:2    | Reached skill level 19 in Shields
 28523 | Orc:2    | Found a bloodstained altar of Trog.
 28571 | Orc:2    | Noticed Snorg
 28579 | Orc:2    | Killed Snorg
 28728 | Orc:2    | Bought a +6 amulet of reflection for 877 gold pieces
 28885 | Swamp:1  | Entered Level 1 of the Swamp
 30095 | Swamp:2  | Reached skill level 20 in Shields
 30415 | Swamp:3  | Noticed Mara
 30519 | Swamp:3  | Noticed Htamos's illusion
 30676 | Swamp:3  | Noticed Htamos's illusion
 30687 | Swamp:3  | Killed Mara
 30751 | Swamp:3  | Received a gift from Trog
 30974 | Swamp:3  | Noticed a thorn hunter
 30982 | Swamp:3  | Killed a thorn hunter
 31020 | Swamp:3  | Reached XP level 17. HP: 103/103 MP: 5/17
 31064 | Swamp:3  | Received a gift from Trog
 31078 | Swamp:3  | Reached skill level 21 in Shields
 31569 | Swamp:4  | Entered Level 4 of the Swamp
 31576 | Swamp:4  | Noticed a tentacled monstrosity
 31677 | Swamp:4  | Killed a tentacled monstrosity
 32268 | Swamp:4  | Reached skill level 22 in Shields
 32374 | Swamp:4  | Got a decaying rune of Zot
 32767 | Snake:1  | Entered Level 1 of the Snake Pit
 32821 | Snake:1  | Received a gift from Trog
 32834 | Snake:1  | Noticed Louise
 32933 | Snake:1  | Found Usiquitt's Antique Armour Shoppe.
 32955 | Snake:1  | Noticed Aizul
 32991 | Snake:1  | Banished Aizul
 33477 | Snake:1  | Cast into level 3 of the Abyss (Louise)
 33477 | Abyss:3  | Found a corrupted altar of Lugonu.
 33515 | Abyss:3  | Noticed a bone dragon
 33546 | Abyss:3  | Noticed a tentacled starspawn
 33572 | Abyss:3  | Killed a tentacled starspawn
 33578 | Abyss:3  | Noticed a bone dragon
 33591 | Abyss:3  | Killed a bone dragon
 33623 | Abyss:3  | Reached skill level 23 in Shields
 33750 | Abyss:3  | Noticed a tentacled starspawn
 33762 | Abyss:3  | Killed a tentacled starspawn
 33764 | Abyss:3  | Noticed a tentacled starspawn
 33988 | Abyss:3  | Noticed a tentacled starspawn
 33998 | Abyss:3  | Killed a tentacled starspawn
 33998 | Abyss:3  | Reached XP level 18. HP: 73/108 MP: 18/18
 34042 | Snake:1  | Escaped the Abyss
 34050 | Snake:1  | Killed Louise
 34355 | Snake:2  | Received a gift from Trog
 35325 | Snake:3  | Reached skill level 24 in Shields
 35345 | Snake:3  | Got a smoking ruby amulet
 35361 | Snake:3  | Noticed Kirke
 35367 | Snake:3  | Killed Kirke
 35922 | Snake:4  | Entered Level 4 of the Snake Pit
 36099 | Snake:4  | Found Upnuynea's Assorted Antiques.
 36107 | Snake:4  | Found Uter's Jewellery Shoppe.
 36276 | Snake:4  | Received a gift from Trog
 36340 | Snake:4  | Identified the amulet of Ywam {+Rage MR+} (You found it on level 3 of the Snake Pit)
 36529 | Snake:4  | Received a gift from Trog
 36747 | Snake:4  | Reached skill level 25 in Shields
 36910 | Snake:4  | Reached XP level 19. HP: 77/115 MP: 19/19
 37665 | Snake:4  | Received a gift from Trog
 38031 | Snake:4  | Got a serpentine rune of Zot
 38772 | Vaults:1 | Entered Level 1 of the Vaults
 39169 | Vaults:1 | Reached skill level 15 in Fighting
 39262 | Vaults:1 | Received a gift from Trog
 39447 | Vaults:1 | Noticed a Hell Sentinel
 39929 | Vaults:1 | Reached XP level 20. HP: 107/132 MP: 20/20
 40862 | Vaults:2 | Received a gift from Trog
 41733 | Vaults:2 | Found Hytas's Food Emporium.
 42769 | Vaults:3 | Received a gift from Trog
 43247 | Vaults:3 | Reached XP level 21. HP: 145/145 MP: 21/21
 43588 | Vaults:3 | Received a gift from Trog
 44783 | Vaults:3 | Found a staircase to the Crypt.
 44839 | Vaults:4 | Paralysed by an ogre mage for 6 turns
 45041 | Vaults:4 | Received a gift from Trog
 45093 | Vaults:4 | Cast into level 3 of the Abyss (a deep elf sorcerer)
 45095 | Abyss:3  | Found an ancient bone altar of Kikubaaqudgha.
 45128 | Abyss:3  | Gained mutation: You evolve. [a neqoxec]
 45175 | Abyss:3  | Gained mutation: You are very weak. (Str -4) [a neqoxec]
 45215 | Abyss:3  | Gained mutation: Your body sometimes deteriorates upon taking damage. [a neqoxec]
 45216 | Abyss:3  | Gained mutation: Scrolls take you a little longer to read. [a neqoxec]
 45227 | Abyss:3  | Gained mutation: You are robust. (+10% HP) [a neqoxec]
 45246 | Abyss:3  | Paralysed by accursed screaming for 1 turns
 45285 | Vaults:4 | Escaped the Abyss
 45286 | Vaults:4 | Noticed error's ghost (adept OpSu)
 45296 | Vaults:4 | Cast into level 3 of the Abyss (a deep elf sorcerer)
 45704 | Abyss:3  | Paralysed by accursed screaming for 1 turns
 45744 | Abyss:3  | Received a gift from Trog
 45768 | Abyss:3  | Paralysed by accursed screaming for 2 turns
 45987 | Vaults:4 | Escaped the Abyss
 46358 | Vaults:4 | Paralysed by a sphinx for 5 turns
 47035 | Vaults:4 | Killed error's ghost
 47084 | Vaults:4 | Gained mutation: You are partially covered in slimy green scales. (AC +2) [evolution]
 47084 | Vaults:4 | Lost mutation: You evolve. [end of evolution]
 47174 | Vaults:4 | Reached XP level 22. HP: 173/173 MP: 22/22
 47181 | Vaults:4 | Lost mutation: Your body sometimes deteriorates upon taking damage. [potion of mutation]
 47181 | Vaults:4 | Lost mutation: Scrolls take you a little longer to read. [potion of mutation]
 47181 | Vaults:4 | Lost mutation: You are weak. (Str -2) [potion of mutation]
 47181 | Vaults:4 | Gained mutation: You have supernaturally acute eyesight. (SInv) [potion of mutation]
 47237 | Vaults:4 | Received a gift from Trog
 48141 | Vaults:5 | Entered Level 5 of the Vaults
 48384 | Vaults:5 | Noticed Sojobo
 48389 | Vaults:5 | Killed from afar by Sojobo

Skill      XL: |  1  2  3  4  5  6  7  8  9 10 11 12 13 14 15 16 17 18 19 20 21 22 |
---------------+-------------------------------------------------------------------+-----
Fighting       | 4 5 6 7 8 10 11 16 19 22 23 | 23.9
Maces & Flails | 6 10 13 14 17 18 19 | 19.9
Shields        | 8 11 13 15 18 20 23 25 | 25.0
Armour         | |  2.1
Dodging        | |  1.5

Action                   |  1- 3 |  4- 6 |  7- 9 | 10-12 | 13-15 | 16-18 | 19-21 | 22-24 || total
-------------------------+-------+-------+-------+-------+-------+-------+-------+-------++-------
Melee: Mace              |    92 |   288 |   495 |   700 |       |       |       |       ||  1575
       Morningstar       |       |       |       |   197 |   825 |   837 |  1201 |       ||  3060
       Eveningstar       |       |       |       |       |   336 |   554 |       |       ||   890
       Demon whip        |       |       |       |       |   193 |       |   624 |   145 ||   962
Invok: Berserk           |     1 |     3 |    11 |    10 |     2 |     8 |     8 |     4 ||    47
       Burn Spellbooks   |       |       |     1 |     2 |     2 |       |       |     1 ||     6
       Trog's Hand       |       |       |       |       |       |       |     1 |       ||     1
 Abil: Evoke Flight      |       |     1 |       |     1 |       |       |       |       ||     2
       Fly               |       |       |       |       |     1 |       |       |       ||     1
       Stop Flying       |       |       |       |       |     1 |       |       |       ||     1
       Evoke Blink       |       |       |       |       |       |       |     2 |       ||     2
Evoke: Wand              |       |       |       |    10 |       |       |     5 |       ||    15
  Use: Scroll            |       |     5 |     8 |    12 |    13 |    19 |     8 |     7 ||    72
       Potion            |       |       |     1 |    10 |     9 |     2 |     8 |     2 ||    32
 Stab: Confused          |       |       |       |       |       |     3 |       |       ||     3
  Eat: Chunk             |     2 |    14 |    22 |    14 |    33 |    25 |    22 |     1 ||   133
       Ration            |       |       |     1 |     5 |     3 |     4 |     6 |     2 ||    21
Armor: Animal skin       |    32 |       |       |       |       |       |       |       ||    32
       Chain mail        |    27 |   176 |   431 |   215 |       |       |       |       ||   849
       Skin              |       |       |       |    92 |       |       |       |       ||    92
       Pearl dragon scal |       |       |       |   186 |   549 |   379 |   303 |     9 ||  1426
       Plate armour      |       |       |       |       |       |       |       |    29 ||    29
Dodge: Dodged            |    77 |    42 |    76 |   120 |   205 |   236 |   171 |    13 ||   940
Block: Large shield      |       |   204 |   438 |   766 |  1455 |  1993 |  2088 |   160 ||  7104
       Reflection        |       |       |       |       |    14 |   117 |   215 |    28 ||   374
